 Dungeon Crawl Stone Soup version 0.30.1-9-gdf580d7c3d (webtiles) character file.

Game seed: 8629154686500830858

53 adizb the Caller (level 3, -10/22 (24) HPs)
             Began as a Demonspawn Summoner on Oct 22, 2023.
             Mangled by Crazy Yiuf
             ... wielding a +2 quarterstaff of chaos
              (17 damage)
             ... on level 2 of the Dungeon.
             The game lasted 00:07:51 (1078 turns).

adizb the Caller (Demonspawn Summoner)              Turns: 1078, Time: 00:07:52

HP:   -10/22 (24)   AC:  3    Str:  8    XL:     3   Next: 62%
MP:   1/6           EV: 11    Int: 18    God:
Gold: 64            SH:  0    Dex: 13    Spells: 1/7 levels left

rFire   . . .        g - +0 short sword
rCold   . . .        (no shield)
rNeg    . . .        c - +0 leather armour
rPois   .            (no helmet)
rElec   .            (no cloak)
rCorr   .            (no gloves)
SInv    .            (no boots)
Will    .....        (no amulet)
Stlth   ++           (no ring)
HPRegen 0.23/turn    (no ring)
MPRegen 0.10/turn

%: no passive effects
@: lethally poisoned (-10 -> -14), drained
A: powered by death 2
a: no special abilities


You were on level 2 of the Dungeon.
You visited 1 branch of the dungeon, and saw 2 of its levels.

You collected 64 gold pieces.

Inventory:

Hand Weapons
 g - a +0 short sword (weapon)
 h - a +0 mace
Missiles
 k - 6 javelins
Armour
 a - a +0 robe
 c - a +0 leather armour (worn)
 e - a +0 ring mail
Magical Staves
 n - a staff of poison
Scrolls
 f - a scroll of teleportation
Potions
 b - a potion of magic
 d - a potion of flight {unknown}
 j - a potion of curing
 m - a potion of heal wounds {unknown}
 o - a potion of lignification {unknown}


   Skills:
 + Level 2.3 Dodging
 + Level 2.4 Stealth
 + Level 2.5 Spellcasting
 * Level 4.3 Summonings


You had one spell level left.
You knew the following spells:

 Your Spells              Type           Power      Damage    Failure   Level
a - Summon Small Mammal   Summ           72%        N/A       4%          1
b - Call Imp              Summ           36%        N/A       6%          2
c - Call Canine Familiar  Summ           18%        N/A       12%         3

Your spell library contained the following spells:

 Spells                   Type           Power      Damage    Failure   Level
 Summon Guardian Golem    Hex/Summ       10%        N/A       30%         3
 Summon Lightning Spire   Summ/Air       10%        N/A       71%         4


Dungeon Overview and Level Annotations

Branches:
Dungeon (2/15)

Altars:

Annotations:
D:1 1 transporter
D:2 Crazy Yiuf, Jessica


Innate Abilities, Weirdness & Mutations

You regenerate health from kills.


Message History

Okay, then.
You see here 5 stones.
Crazy Yiuf laughs, "You eyeball seventy!"
Casting: Call Imp (safe; 6% risk of failure)
Confirm with . or Enter, or press ? or * to list all spells.
The spell is quite dangerous to miscast (12% risk of failure)!
Continue anyway?
Your hound bites Crazy Yiuf but does no damage.
Your hound barely misses Crazy Yiuf.
You closely miss Crazy Yiuf.
Crazy Yiuf is moderately wounded.
Your hound barely misses Crazy Yiuf. x2; Crazy Yiuf closely misses you.
You barely miss Crazy Yiuf.
Crazy Yiuf is moderately wounded.
Your hound bites Crazy Yiuf.
Crazy Yiuf says, "Cake!
Scoff aubergine mumblescurry."
Crazy Yiuf hits you with a +2 quarterstaff of chaos.
You are poisoned.
You closely miss Crazy Yiuf.
Crazy Yiuf is moderately wounded.
You feel very sick.
Your hound bites Crazy Yiuf. x2
Crazy Yiuf hits you with a +2 quarterstaff of chaos!
Ouch! That really hurt!
* * * LOW HITPOINT WARNING * * *
You feel drained.
* * * LOW HITPOINT WARNING * * *
It was a potion of curing.
You feel better.
Your hound bites Crazy Yiuf.
Crazy Yiuf sings, "Trees, trees, trees, circus!"
Crazy Yiuf hits you with a +2 quarterstaff of chaos.
You are poisoned.
You hit Crazy Yiuf but do no damage.
Crazy Yiuf is severely wounded.
You feel sick.
Your hound closely misses Crazy Yiuf.
Your hound barely misses Crazy Yiuf.
Crazy Yiuf misses you.
You hit Crazy Yiuf but do no damage.
Crazy Yiuf is severely wounded.
You feel sick.
Your hound barely misses Crazy Yiuf.
Crazy Yiuf hits you with a +2 quarterstaff of chaos!
Ouch! That really hurt!
You die...

.....# #.# #(# #.##
......###.### #.# ##.#
.####.......# #.# #.##
............# #.# ##.#
..###.......# #.# #g#
#..####...#####.## ...
##..##.......##h.#
#...#
#......###.#.##.g#
#..)# ..#...##
#......@# #####
.####..####.###..#
.##..........##..######
# #...................#
# #..........#........#
###..........#........#
......................#
.............#........#
.)...........#......>.#


You could see Crazy Yiuf (ally target) and a friendly hound (summoned).

Vanquished Creatures
  A dart slug (D:1)
  2 ball pythons
  2 bats
  An endoplasm (D:1)
  A giant cockroach (D:1)
  A goblin (D:1)
  A hobgoblin (D:2)
  A jackal (D:1)
  A quokka (D:1)
  A frilled lizard (D:1)
  3 rats
15 creatures vanquished.

Vanquished Creatures (collateral kills)
  An adder (D:2)
  A ball python (D:2)
  2 bats (D:1)
  2 endoplasms
  2 goblins
  4 hobgoblins
  5 jackals (D:1)
  2 kobolds
  A frilled lizard (D:1)
  A rat (D:2)
21 creatures vanquished.

Grand Total: 36 creatures vanquished

Notes
Turn   | Place    | Note
-------+----------+-------------------------------------------
     0 | D:1      | adizb the Demonspawn Summoner began the quest for the Orb.
     0 | D:1      | Reached XP level 1. HP: 13/13 MP: 3/3
   243 | D:1      | Gained mutation: You regenerate a little health from kills.
                  | [demonic ancestry]
   243 | D:1      | Reached XP level 2. HP: 16/19 MP: 3/5
   293 | D:1      | Learned a level 2 spell: Call Imp
   528 | D:1      | Gained mutation: You regenerate health from kills. [demonic
                  | ancestry]
   528 | D:1      | Reached XP level 3. HP: 17/24 MP: 3/6
   826 | D:2      | Learned a level 3 spell: Call Canine Familiar
   909 | D:2      | Noticed Jessica
   951 | D:2      | Identified a scroll of acquirement
   951 | D:2      | Acquired a Fen Folio
  1034 | D:2      | Found a runed translucent door.
  1035 | D:2      | Noticed Crazy Yiuf
  1075 | D:2      | HP: 1/22 [Crazy Yiuf/+2 quarterstaff of chaos (4)]
  1078 | D:2      | Mangled by Crazy Yiuf

Illustrated notes

Levels and vault maps discovered:
D:1:      spicycebolla_arrival_risky_transporter, layout_basic,
          chequers_serial_rivers_large_a, kennysheep_another_room,
          chequers_serial_rivers_small_a, minmay_box_of_dots
D:2:      layout_rooms, uniq_crazy_yiuf_cottage, uniq_natasha, uniq_jessica

Skill      XL: |  1 |
---------------+----+-----
Stealth        | 2 |  2.4
Dodging        | 2 |  2.3
Spellcasting   | |  2.5
Summonings     | |  4.3

Action                     || total
---------------------------++-------
  Melee: Short sword       ||    87
         Unarmed           ||     8
   Cast: Summon Small Mamm ||     3
         Call Imp          ||    12
         Call Canine Famil ||     1
    Use: Scroll            ||     3
         Potion            ||     1
   Stab: Sleeping          ||     3
 Armour: Robe              ||     5
         Leather armour    ||    22
  Dodge: Dodged            ||    67
